 Dungeon Crawl Stone Soup version 0.30-a0-622-gddc90eaa04 (webtiles) character file.

Game seed: 9787913884857605998

56 bmack86 the Trooper (level 3, -2/34 HPs)
             Began as a Minotaur Fighter on Jan 11, 2023.
             Killed by nerve-wracking pain
             ... invoked by Grinder
              (3 damage)
             ... on level 3 of the Dungeon.
             The game lasted 00:03:41 (1265 turns).

bmack86 the Trooper (Minotaur Fighter)              Turns: 1265, Time: 00:03:42

Health: -2/34      AC:  9    Str: 22    XL:     3   Next: 71%
Magic:  2/2        EV:  4    Int:  5    God:
Gold:   83         SH:  4    Dex:  9    Spells: 2/2 levels left

rFire   . . .      SeeInvis .    a - +0 war axe
rCold   . . .      Faith    .    c - +0 buckler
rNeg    . . .      Spirit   .    k - +0 chain mail
rPois   .          Reflect  .    (helmet restricted)
rElec   .          Harm     .    (no cloak)
rCorr   .          Rampage  .    (no gloves)
Will    .....                    (no boots) Stlth
                                 (no amulet)
HPRegen 0.25/turn                (no ring)
MPRegen 0.08/turn                (no ring)

@: grasped by roots, constricted
A: horns 2, retaliatory headbutt
a: no special abilities


You were on level 3 of the Dungeon.
You visited 1 branch of the dungeon, and saw 3 of its levels.

You collected 83 gold pieces.

Inventory:

Hand Weapons
 a - a +0 war axe (weapon)
Armour
 b - a +0 scale mail
 c - a +0 buckler (worn)
 k - a +0 chain mail (worn)
Scrolls
 e - a scroll of identify {unknown}
 h - a scroll of teleportation {unknown}
 i - a scroll of enchant armour {unknown}
 j - a scroll of enchant weapon {unknown}
Potions
 d - a potion of might
 f - 2 potions of heal wounds {unknown}
 g - a potion of cancellation {unknown}


   Skills:
 * Level 4.4 Fighting
 * Level 3.4 Axes
 + Level 4.0 Armour
 + Level 4.1 Shields


You had 2 spell levels left.
You didn't know any spells.
Your spell library contained the following spells:

 Spells                   Type           Power      Damage    Failure   Level
 Kindle Blastsparks       Fire/Tloc/Air  0%         2d10      100%        3
 Fulminant Prism          Conj/Hex       0%         3d5       100%        4
 Iskenderun's Mystic Bla  Conj/Tloc      0%         2d3       100%        4
 Lee's Rapid Deconstruct  Erth           0%         3d4*      100%        5


Dungeon Overview and Level Annotations

Branches:
Dungeon (3/15)

Altars:

Shops:
D:3 [

Annotations:
D:3 Grinder


Innate Abilities, Weirdness & Mutations

You have a pair of horns on your head.
You reflexively headbutt those who attack you in melee.


Message History

You continue putting on your +0 chain mail. x5
You finish putting on your +0 chain mail.
There is an entrance to Jueheos's Antique Armour Shop here.
You open the door.
Grinder comes into view.
She is carrying a wand of roots (4).
Grinder shouts!
Grinder zaps a wand.
The roots erupt in riotous growth!
The grasping roots grab you! The grasping roots constrict you.
Found 6 gold pieces.
Okay, then.
You close the door.
The roots lose their grip on you.
Grinder breaks down the door.
Grinder zaps a wand.
The roots erupt in riotous growth!
The grasping roots grab you! The grasping roots constrict you.
You escape the roots grasp.
Grinder gestures at you. You resist with significant effort.
You hit Grinder but do no damage.
Grinder says, "I used to sell toenails on the black market."
Grinder hits you but does no damage.
You hit Grinder but do no damage. You headbutt Grinder!
Grinder is moderately wounded.
Grinder zaps a wand.
The roots erupt in riotous growth!
The grasping roots grab you!
Grinder is unaffected.
The grasping roots constrict you!
You hit Grinder but do no damage. You headbutt Grinder!
Grinder is heavily wounded.
Grinder hits you!
You writhe in agony.
* * * LOW HITPOINT WARNING * * *
The grasping roots constrict you.
* * * LOW HITPOINT WARNING * * *
Grinder hits you but does no damage. The grasping roots constrict you!
* * * LOW HITPOINT WARNING * * *
You hit Grinder.
Grinder is heavily wounded.
Grinder gestures at you. Pain shoots through your body!
You die...

##+## . ##...##
..# ##.....##
.... ##.......##
.....##.∩.......#
......5@........+
....$##....†....#
... ##.......## #
##.....## ##<..##
##+##


You could see Grinder.

Vanquished Creatures
  An adder (D:2)
  A worm (D:2)
  4 ball pythons
  5 bats
  7 endoplasms
  A giant cockroach (D:1)
  3 goblins
  3 hobgoblins (D:1)
  6 jackals (D:2)
  A quokka (D:2)
  A frilled lizard (D:3)
  3 kobolds
  A rat (D:1)
37 creatures vanquished.

Notes
Turn   | Place    | Note
-------+----------+-------------------------------------------
     0 | D:1      | bmack86 the Minotaur Fighter began the quest for the Orb.
     0 | D:1      | Reached XP level 1. HP: 19/19 MP: 0/0
   190 | D:1      | Reached XP level 2. HP: 27/27 MP: 1/1
   773 | D:2      | Reached XP level 3. HP: 33/33 MP: 2/2
  1227 | D:3      | Found Jueheos's Antique Armour Shop.
  1254 | D:3      | Noticed Grinder
  1264 | D:3      | HP: 1/34 [constriction (7)]
  1265 | D:3      | Killed from afar by Grinder

Illustrated notes

Levels and vault maps discovered:
D:1:      lemuel_arrival_behind_the_door_small, layout_rooms,
          hangedman_decor_growths
D:2:      layout_basic
D:3:      minmay_spotlight, layout_loops_corners,
          nicolae_hepliaklqana_hazy_memory, serial_shops, shop, uniq_grinder

Skill      XL: |  1  2  3 |
---------------+----------+-----
Fighting       | 4 |  4.4
Axes           | 3 |  3.4
Shields        | 4 |  4.1
Armour         | 4 |  4.0

Action                   || total
-------------------------++-------
Melee: War axe           ||    68
       Headbutt          ||    17
Armor: Scale mail        ||    35
       Chain mail        ||     2
Dodge: Dodged            ||    28
Block: Buckler           ||    15

Table legend: (Time is in decaauts)
 A = Elapsed time spent in this place.
 B = Non-inter-level travel time spent in this place.
 C = Inter-level travel time spent in this place.
 D = Time resting spent in this place.
 E = Time spent auto-exploring this place.
 F = Levels seen in this place.
 G = Mean time per level.
                   A        B        C        D        E       F      G
               +--------+--------+--------+--------+--------+-----+--------+
         Total |   1289 |   1243 |     46 |      0 |    905 |   3 |  429.7 |
       Dungeon |   1289 |   1243 |     46 |      0 |    905 |   3 |  429.7 |
               +--------+--------+--------+--------+--------+-----+--------+

Top non-repeatable levels by time:
     D:2: 662 daAuts
     D:1: 588 daAuts
     D:3: 38 daAuts
